 Dungeon Crawl Stone Soup version 0.27-a0-1595-g0b823d0a13 (webtiles) character file.

Game seed: 2965788834262997573

42 robertstho the Skirmisher (level 3, -5/30 HPs)
             Began as a Demonspawn Abyssal Knight on July 20, 2021.
             Was a Follower of Lugonu.
             Killed by nerve-wracking pain
             ... invoked by Jessica
              (14 damage)
             ... on level 2 of the Dungeon.
             The game lasted 00:01:43 (1579 turns).

robertstho the Skirmisher (DsAK)                    Turns: 1579, Time: 00:01:43

Health: -5/30      AC:  5    Str: 13    XL:     3   Next: 33%
Magic:  5/5        EV: 10    Int: 13    God:    Lugonu [*.....]
Gold:   120        SH:  4    Dex: 12    Spells: 2/2 levels left

rFire    . . .     SeeInvis .   a - +1 spear
rCold    . . .     Faith    .   (no shield)
rNeg     . . .     Spirit   .   j - +0 ring mail
rPois    .         Reflect  .   (no helmet)
rElec    .         Harm     .   (no cloak)
rCorr    .         Rampage  .   (no gloves)
Will     .....                  (no boots)
Stlth    +.........             (no amulet)
HPRegen  0.10/turn              (no ring)
MPRegen  0.09/turn              (no ring)

@: no status effects
A: claws 1, condensation shield
a: Renounce Religion, Depart the Abyss


You were on level 2 of the Dungeon.
You worshipped Lugonu.
Lugonu was aware of your devotion.
You visited 1 branch of the dungeon, and saw 2 of its levels.
You visited the Abyss 1 time.

You collected 120 gold pieces.

Inventory:

Hand Weapons
 a - a +1 spear (weapon)
Armour
 j - a +0 ring mail (worn)
Scrolls
 d - a scroll of identify
 e - a scroll of brand weapon {unknown}
 f - a scroll of magic mapping
 k - a scroll of teleportation {unknown}
 l - a scroll of blinking {unknown}
Potions
 b - a potion of cancellation {unknown}
 c - a potion of curing {unknown}
 g - a potion of resistance {unknown}
 h - a potion of lignification {unknown}
 i - a potion of heal wounds {unknown}


   Skills:
 * Level 3.8 Fighting
 + Level 1.9 Polearms
 * Level 2.2 Armour
 + Level 0.9 Dodging
 * Level 2.9 Invocations


You had 2 spell levels left.
You didn't know any spells.
Your spell library contained the following spells:

 Spells                   Type           Power      Damage    Failure   Level
 Summon Small Mammal      Summ           0%         N/A       54%         1


Dungeon Overview and Level Annotations

Branches:
Dungeon (2/15)

Altars:

Annotations:
D:2 Jessica


Innate Abilities, Weirdness & Mutations

You have sharp fingernails.
A meltable shield of frost defends you. (SH +4)


Message History

Jessica mumbles something strange.
The kobold shouts!
You hear an angry hiss.
You hear a shout!
The kobold throws a stone.
The stone closely misses you.
You reach to attack!
You hit Jessica but do no damage.
The kobold throws a stone.
The stone hits you but does no damage.
Your ring mail prevents you from hitting Jessica.
Jessica barely misses you.
You closely miss Jessica. Jessica hits you but does no damage.
You hit Jessica.
Jessica is moderately wounded.
The endoplasm freezes you.
You are frozen.
You block Jessica's attack.
You closely miss Jessica.
Jessica is lightly wounded.
The endoplasm freezes you.
You are frozen.
Jessica completely misses you. The kobold hits you but does no damage.
You completely miss Jessica.
Jessica is lightly wounded.
You block the endoplasm's attack.
Jessica points at you and mumbles some strange words.
Pain shoots through your body! You block the kobold's attack.
You are too injured to fight recklessly!
You are too injured to fight recklessly!
You are too injured to fight recklessly!
You are too injured to fight recklessly!
You are too injured to fight recklessly!
Unknown command.
The endoplasm barely misses you.
You hit the kobold.
The kobold is moderately wounded.
Jessica casts a spell at you. Pain shoots through your body!
* * * LOW HITPOINT WARNING * * *
The endoplasm barely misses you. The kobold hits you but does no damage.
You closely miss the kobold.
The kobold is moderately wounded.
Jessica casts a spell at you. Pain shoots through your body!
You die...

#......##
######....†.##
##....#......##
#............##
####..........>...
#...........####..
#...........# #..
#...........# #..
######@..........#
#..
......KJ@.........#
#..
#.#####...........#
#.. ......########
### #..#....#
##.##..## # #..#
#..# #..#


You could see Jessica, an endoplasm and a kobold.

Vanquished Creatures
  An adder (D:2)
  An endoplasm (D:1)
  3 giant cockroaches
  A goblin (D:1)
  2 hobgoblins (D:1)
  7 jackals
  A quokka (D:1)
  2 ball pythons (D:1)
  7 bats
  2 kobolds (D:1)
  A rat (D:1)
28 creatures vanquished.

Notes
Turn   | Place    | Note
-------+----------+-------------------------------------------
     0 | Abyss:1  | robertstho the Demonspawn Abyssal Knight began the quest
                  | for the Orb.
     0 | Abyss:1  | Reached XP level 1. HP: 18/18 MP: 2/2
    48 | Abyss:1  | Noticed a wizard
    81 | Abyss:1  | Noticed a large abomination
    81 | Abyss:1  | Noticed a large abomination
    81 | Abyss:1  | Noticed a starcursed mass
    84 | D:1      | Escaped the Abyss
   286 | D:1      | Reached * piety under Lugonu
   295 | D:1      | Gained mutation: You have sharp fingernails. [demonic
                  | ancestry]
   295 | D:1      | Reached XP level 2. HP: 10/24 MP: 3/3
   759 | D:1      | Found a faded altar of an unknown god.
   893 | D:1      | Got Plato's Compendium of the Entourage
  1274 | D:2      | Gained mutation: A meltable shield of frost defends you.
                  | (SH +4) [demonic ancestry]
  1274 | D:2      | Reached XP level 3. HP: 23/30 MP: 5/5
  1568 | D:2      | Noticed Jessica
  1579 | D:2      | Killed from afar by Jessica

Illustrated notes

Levels and vault maps discovered:
D:1:      shiori_arrival_elements, layout_loops_ring,
          shapermc_ecumenical_altar_rom_forum, minmay_octomino_c4
D:2:      layout_basic, minmay_close_crescents, uniq_jessica

Skill      XL: |  1  2 |
---------------+-------+-----
Armour         | 2 |  2.2
Fighting       | |  3.8
Polearms       | |  1.9
Dodging        | |  0.9
Invocations    | |  2.9

Action                   || total
-------------------------++-------
Melee: Spear             ||   111
Invok: Depart the Abyss  ||     1
  Use: Scroll            ||     2
Armor: Leather armour    ||    15
       Ring mail         ||    45
Dodge: Dodged            ||    95
Block: Other             ||    10

Table legend: (Time is in decaauts)
 A = Elapsed time spent in this place.
 B = Non-inter-level travel time spent in this place.
 C = Inter-level travel time spent in this place.
 D = Time resting spent in this place.
 E = Time spent auto-exploring this place.
 F = Levels seen in this place.
 G = Mean time per level.
                   A        B        C        D        E       F      G
               +--------+--------+--------+--------+--------+-----+--------+
         Total |   1580 |   1545 |     35 |      0 |   1298 |   3 |  526.7 |
       Dungeon |   1495 |   1460 |     35 |      0 |   1251 |   2 |  747.5 |
         Abyss |     84 |     84 |      0 |      0 |     47 |   1 |   84.0 |
               +--------+--------+--------+--------+--------+-----+--------+

Top non-repeatable levels by time:
     D:1: 1141 daAuts
     D:2: 354 daAuts
 Abyss:1: 84 daAuts
